 Dungeon Crawl Stone Soup version 0.29-a0-1014-ga8c0faee3b (webtiles) character file.

Game seed: 14296097916615102180

5 BritishOli the Slasher (level 1, 0/16 HPs)
             Began as a Demonspawn Gladiator on Aug 9, 2022.
             Slain by a gnoll
             ... wielding a +0 whip
              (5 damage)
             ... on level 1 of the Dungeon.
             The game lasted 00:00:10 (107 turns).

BritishOli the Slasher (Demonspawn Gladiator)        Turns: 107, Time: 00:00:11

Health: 0/16       AC:  4    Str: 14    XL:     1   Next: 66%
Magic:  1/1        EV: 12    Int:  9    God:
Gold:   4          SH:  0    Dex: 14    Spells: 0/0 levels left

rFire   . . .      SeeInvis .   a - +0 long sword
rCold   . . .      Faith    .   (no shield)
rNeg    . . .      Spirit   .   b - +0 leather armour
rPois   .          Reflect  .   c - +0 helmet
rElec   .          Harm     .   (no cloak)
rCorr   .          Rampage  .   (no gloves)
Will    .....                   (no boots)
Stlth   +.........              (no amulet)
HPRegen 0.05/turn               (no ring)
MPRegen 0.07/turn               (no ring)

@: no status effects
A: no striking features
a: no special abilities


You were on level 1 of the Dungeon.
You visited 1 branch of the dungeon, and saw 1 of its levels.

You collected 4 gold pieces.

Inventory:

Hand Weapons
 a - a +0 long sword (weapon)
Missiles
 d - 3 throwing nets (quivered)
 e - 5 javelins
Armour
 b - a +0 leather armour (worn)
 c - a +0 helmet (worn)
Scrolls
 f - a scroll of teleportation {unknown}
Potions
 g - 2 potions of mutation {unknown}
 h - a potion of lignification {unknown}


   Skills:
 + Level 2.1 Fighting
 + Level 2.8 Long Blades
 + Level 1.9 Throwing
 + Level 2.8 Dodging


You couldn't memorise any spells.
You didn't know any spells.
Your spell library was empty.

Dungeon Overview and Level Annotations

Branches:
Dungeon (1/15)

Altars:


Message History

A giant cockroach is nearby!
You hit the giant cockroach.
You kill the giant cockroach!
f - a scroll labelled PYRCHA HAIRRIJU No target in view!
g - 2 smoky puce potions
e - 5 javelins (gained 4) Key pressed, stopping explore.
No target in view!
h - a silvery potion No target in view!
Found an escape hatch in the floor.
No reachable target in view!
The gnoll shouts!
A hobgoblin comes into view.
A hobgoblin is nearby!
No reachable target in view!
A hobgoblin is nearby!
No reachable target in view!
A hobgoblin is nearby!
A hobgoblin is nearby!
No reachable target in view!
No reachable target in view!
A hobgoblin is nearby!
You aren't carrying any pieces of jewellery.
Unknown command.
A hobgoblin is nearby!
No reachable target in view!
No reachable target in view!
No reachable target in view!
The hobgoblin shouts!
The gnoll hits you with a +0 whip.
You barely miss the gnoll. The gnoll hits you with a +0 whip!
Ouch! That really hurt!
You are too injured to fight recklessly!
You are too injured to fight recklessly!
You are too injured to fight recklessly!
You are too injured to fight recklessly!
The gnoll attacks as you move away! The gnoll hits you with a +0 whip.
You die...

########################
..............#...#..##.
......#....#....#...##.#
...8...#...#...#..#..#.#
......g#.......##.##..##
......g@##..#......#).#.
..##'#...#...##..#...#..
.##....#......#..#.#
##>#.....##......##.# #
#.........#...#.##
#....##.##..#...#.#
.(.........†#...#..#
......#...#......##.#
8...##....##...##...#


You could see a gnoll and a hobgoblin.

Vanquished Creatures
  A bat (D:1)
  A giant cockroach (D:1)
  A hobgoblin (D:1)
  A kobold (D:1)
4 creatures vanquished.

Notes
Turn   | Place    | Note
-------+----------+-------------------------------------------
     0 | D:1      | BritishOli the Demonspawn Gladiator began the quest for the
                  | Orb.
     0 | D:1      | Reached XP level 1. HP: 16/16 MP: 1/1
   107 | D:1      | Slain by a gnoll

Illustrated notes

Levels and vault maps discovered:
D:1:      erik_arrival_cave_to_civilisation [erik_arrival_cave_to_hall],
          layout_basic, st_stairs_4

Action                   || total
-------------------------++-------
Melee: Long sword        ||    12
Armor: Leather armour    ||     3
Dodge: Dodged            ||     7

Table legend: (Time is in decaauts)
 A = Elapsed time spent in this place.
 B = Non-inter-level travel time spent in this place.
 C = Inter-level travel time spent in this place.
 D = Time resting spent in this place.
 E = Time spent auto-exploring this place.
 F = Levels seen in this place.
 G = Mean time per level.
                   A        B        C        D        E       F      G
               +--------+--------+--------+--------+--------+-----+--------+
         Total |    110 |    110 |      0 |      0 |     79 |   1 |  110.0 |
       Dungeon |    110 |    110 |      0 |      0 |     79 |   1 |  110.0 |
               +--------+--------+--------+--------+--------+-----+--------+

Top non-repeatable levels by time:
     D:1: 110 daAuts
